cohdb
Replays
Latest Replays
All Replays
Popular Replays
Top Player Replays
Match Explorer
How It Works
Community
CoH3 Stats
Reddit
Sign in to upload your games and track your stats! →
Sign in with Steam
Match 40757012
Unlisted
Match 40757012
Overview
Messages
Build Orders
End
Royal Engineer Section
Construct Section Command Post
Selects Air and Sea Battlegroup
Dingo Light Scout Car
Infantry Section
Infantry Section
Grenade Package
Construct Platoon Command Post
CMP 15cwt Truck
CMP 15cwt Truck
Selects Commando Section Paradrop
Selects M1 Pack Howitzer Paradrop
M1 Pack Howitzer Paradrop
Light Vehicle Training
6-pounder Anti-tank Gun Team
Construct Field Infirmary
Infantry Training
M1 Pack Howitzer Paradrop
Team Weapon Training
Infantry Section
Construct Company Command Post
88jpmm
只愛❤毛妹
0
0
Comments
sign in to comment!
No comments posted yet!